 Dungeon Crawl Stone Soup version 0.32-a0-918-g0f22ef8d61 (webtiles) character file.

Game seed: 1498593226099697427

1650 smashvw the Cudgeller (level 8, 0/80 HPs)
             Began as a Troll Gladiator on Apr 11, 2024.
             Killed from afar by Sigmund (9 damage)
             ... with a puff of flame
             ... on level 6 of the Dungeon.
             The game lasted 00:11:00 (4341 turns).

smashvw the Cudgeller (Troll Gladiator)             Turns: 4341, Time: 00:11:01

Health: 0/80       AC:  9    Str: 22 (23) XL:     8   Next: 67%
Magic:  7/7        EV:  9    Int: 11 (12) God:
Gold:   298        SH:  0    Dex:  9 (11) Spells: 7/7 levels left

rFire   . . .        t - +0 giant club
rCold   . . .        (shield currently unavailable)
rNeg    . . .        b - +0 robe
rPois   .            c - +1 hat
rElec   .            k - scarf {repulsion}
rCorr   .            (gloves unavailable)
SInv    .            (boots unavailable)
Will    +....        C - amulet of regeneration
Stlth   +            j - +6 ring of intelligence
HPRegen 1.93/turn    z - +4 ring of protection
MPRegen 0.10/turn

%: repel missiles
@: mighty, enlightened, flying
A: large, unfitting armour, claws 3, regeneration 1, shaggy fur 1, tough skin 1
a: no special abilities


You were on level 6 of the Dungeon.
You visited 1 branch of the dungeon, and saw 8 of its levels.
You also visited: Sewer.

You collected 298 gold pieces.

Inventory:

Hand Weapons
 a - a +0 flail
 t - a +0 giant club (weapon)
Missiles
 d - 3 throwing nets
 e - a large rock
 p - 17 poisoned darts (quivered)
Armour
 b - a +0 robe (worn)
 c - a +1 hat (worn)
 k - a scarf of repulsion (worn)
Jewellery
 j - a +6 ring of intelligence (left claw)
 z - a +4 ring of protection (right claw)
 C - an amulet of regeneration (around neck)
Wands
 A - a wand of polymorph (8)
 H - a wand of digging (5)
Scrolls
 f - 3 scrolls of enchant armour
 g - 4 scrolls of immolation {unknown}
 h - 4 scrolls of identify {unknown}
 n - 2 scrolls of amnesia {unknown}
 q - 4 scrolls of enchant weapon {unknown}
 s - a scroll of brand weapon {unknown}
 v - 2 scrolls of poison {unknown}
 x - 4 scrolls of teleportation {unknown}
 y - a scroll of noise {unknown}
 F - a scroll of vulnerability {unknown}
Potions
 i - a potion of cancellation {unknown}
 l - 2 potions of might
 m - a potion of degeneration
 o - a potion of ambrosia {unknown}
 r - 2 potions of enlightenment
 u - 2 potions of curing {unknown}
 w - 2 potions of heal wounds {unknown}
 B - a potion of attraction {unknown}
 D - 2 potions of resistance {unknown}
 E - a potion of lignification {unknown}
 G - a potion of berserk rage {unknown}


   Skills:
 - Level 5.0 Fighting
 + Level 6.7 Maces & Flails
 + Level 6.3 Throwing
 - Level 2.4 Dodging


You had 7 spell levels left.
You didn't know any spells.
Your spell library contained the following spells:

 Spells                   Type           Power      Damage    Failure   Level
 Sting                    Conj/Alch      0%         1d3       34%         1
 Mercury Vapours          Alch/Air       0%         N/A       47%         2
 Olgreb's Toxic Radiance  Alch           0%         N/A       98%         4


Dungeon Overview and Level Annotations

Branches:
Dungeon (8/15)              Sewer (visited)
 Temple: D:4-7         Lair: D:8-11

Altars:

Shops:
D:3 =   D:4 =   D:7 !(*[

Annotations:
D:6 Sigmund


Innate Abilities, Weirdness & Mutations

You are too large for most types of armour.
You have claws for hands.
Your natural rate of healing is unusually fast.
You are covered in fur. (AC +1)
You have tough skin. (AC +1)


Message History

You hear some strange, mumbled words.
A puff of flame appears from out of thin air!
The puff of flame hits you!
* * * LOW HITPOINT WARNING * * *
Something hits you but does no damage.
You hear some strange, mumbled words.
You are confused.
Something hits you.
* * * LOW HITPOINT WARNING * * *
You're too confused to move!
Something hits you but does no damage.
You miss something. Something hits you but does no damage. Something hits you.
* * * LOW HITPOINT WARNING * * *
Reactivating autopickup.
A sky beast appears from thin air!
The sky beast closely misses you. Something hits you.
* * * LOW HITPOINT WARNING * * *
Deactivating autopickup; reactivate with Ctrl-A.
It was a potion of enlightenment.
You feel very buoyant.
You fly up into the air.
You feel less confused. The sky beast closely misses you.
You miss something.
The sky beast hits you but does no damage.
Something hits you.
* * * LOW HITPOINT WARNING * * *
The sky beast barely misses you.
You miss something. Something hits you but does no damage.
The sky beast hits you.
* * * LOW HITPOINT WARNING * * *
The sky beast shocks you.
* * * LOW HITPOINT WARNING * * *
It was a potion of degeneration.
There was something very wrong with that liquid.
You feel weakened.
You feel dopey.
You feel clumsy. The sky beast barely misses you.
You hear some strange, mumbled words.
A puff of flame appears from out of thin air!
The puff of flame hits you!
You die...

#####
######....#
#.........#
#.........#
####>.@Y..$..#
#..#...{.....#
#..#.........#
#..##'###....#
#.......#....#
#>.....<#......
#####...#.......
#...#...>...
##### ....


You could see a sky beast.

Vanquished Creatures
  Prince Ribbit (D:6)
  Pargi (Sewer)
  An ice beast (D:7)
  An ogre (D:4)
  2 centaurs
  A phantom (D:5)
  2 brain worms (Sewer)
  A bullfrog (D:7)
  3 wights (D:7)
  A hound (D:5)
  A jelly (D:5)
  A gnoll bouda (D:5)
  2 sleepcaps
  An orc priest (D:8)
  Jessica (D:3)
  3 iguanas
  An orc wizard (D:8)
  Natasha (thrice) (D:3)
  8 gnolls (D:5)
  4 adders
  A white imp (D:7)
  2 ufetubi (D:7)
  5 ribbon worms
  4 dart slugs
  6 orcs (D:8)
  8 endoplasms
  7 giant cockroaches
  5 goblins
  7 hobgoblins
  4 quokkas
  10 ball pythons
  6 bats
  3 frilled lizards
  13 kobolds
  6 rats
126 creatures vanquished.

Notes
Turn   | Place    | Note
-------+----------+-------------------------------------------
     0 | D:1      | smashvw the Troll Gladiator began the quest for the Orb.
     0 | D:1      | Reached XP level 1. HP: 19/19 MP: 0/0
   331 | D:1      | Reached XP level 2. HP: 28/28 MP: 1/1
   919 | D:1      | Reached XP level 3. HP: 35/35 MP: 2/2
  1623 | D:3      | Noticed Jessica
  1639 | D:3      | Killed Jessica
  1640 | D:3      | Reached XP level 4. HP: 35/44 MP: 3/3
  1659 | D:3      | Noticed Natasha
  1666 | D:3      | Killed Natasha
  1742 | D:3      | Found Oschew's Jewellery Emporium.
  1815 | D:3      | Reached XP level 5. HP: 30/52 MP: 4/4
  1844 | D:3      | Noticed Natasha
  1853 | D:3      | Killed Natasha
  1947 | D:3      | Noticed Natasha
  1955 | D:3      | Killed Natasha
  2371 | D:4      | Reached XP level 6. HP: 36/61 MP: 5/5
  2400 | D:4      | Found a glowing drain.
  2520 | Sewer    | Entered a sewer
  2609 | Sewer    | Noticed Pargi
  2622 | Sewer    | Killed Pargi
  2623 | Sewer    | Reached XP level 7. HP: 48/68 MP: 6/6
  2874 | D:4      | Found Wiewaqud's Jewellery Shop.
  3127 | D:5      | Entered Level 5 of the Dungeon
  3157 | D:5      | Reached skill level 5 in Maces & Flails
  3191 | D:5      | You fall into a shaft and drop 3 floors!
  3278 | D:7      | Found Xazanad's General Store.
  3278 | D:7      | Found Faf Como's Antique Armour Shop.
  3377 | D:7      | Identified the +5 glaive of Ohoy {speed, +Blink rPois rF++
                  | Int-3}
  3387 | D:7      | Found Kaggadyr's Weapon Boutique.
  3406 | D:7      | Reached skill level 5 in Throwing
  3409 | D:7      | Reached XP level 8. HP: 66/79 MP: 7/7
  3520 | D:7      | Found Qalix's Distillery.
  3527 | D:7      | Reached skill level 5 in Fighting
  4317 | D:6      | Noticed Prince Ribbit
  4317 | D:6      | Noticed Sigmund
  4328 | D:6      | Killed Prince Ribbit
  4341 | D:6      | Killed from afar by Sigmund

Illustrated notes

Levels and vault maps discovered:
D:1:      psy_arrival_basics, layout_basic
D:2:      layout_loops_ring, hangedman_decor_growths
D:3:      layout_rooms, serial_shops, shop, grunt_ministairs_4, uniq_natasha,
          uniq_jessica
D:4:      layout_cave_pools, gup_sewer_entry_glass, serial_shops,
          nicolae_shop_behind_doors, serial_bayou_pond_d,
          minmay_misc_feat_pillars
D:5:      layout_cave_pods, due_unseen_surprise
D:6:      layout_gridville, lemuel_crystal_altar, temple_pool_b,
          uniq_prince_ribbit1, uniq_crazy_yiuf_cottage, uniq_sigmund
D:7:      layout_rooms, serial_shops, shop, shop, shop_fountains,
          nicolae_stop_n_shop_1, uniq_joseph
D:8:      layout_layer_cave, lair_entry_dummy, enter_bailey_8

Skill      XL: |  1  2  3  4  5  6  7  8 |
---------------+-------------------------+-----
Throwing       | 2 3 4 5 6 |  6.3
Fighting       | 2 3 4 5 |  5.0
Maces & Flails | 3 4 5 6 |  6.7
Dodging        | |  2.4

Action                     |  1- 3 |  4- 6 |  7- 9 || total
---------------------------+-------+-------+-------++-------
  Melee: Flail             |   165 |    87 |       ||   252
         Giant club        |       |    52 |   178 ||   230
  Throw: Dart              |       |       |     9 ||     9
    Use: Potion            |       |       |     3 ||     3
         Scroll            |       |       |     1 ||     1
   Stab: Sleeping          |     2 |       |     1 ||     3
 Armour: Robe              |   132 |   172 |   280 ||   584
  Dodge: Dodged            |    92 |   113 |   162 ||   367
         Repelled          |     9 |     4 |     3 ||    16

Table legend: (Time is in decaauts)
 A = Elapsed time spent in this place.
 B = Non-inter-level travel time spent in this place.
 C = Inter-level travel time spent in this place.
 D = Time resting spent in this place.
 E = Time spent auto-exploring this place.
 F = Levels seen in this place.
 G = Mean time per level.
                   A        B        C        D        E       F      G
               +--------+--------+--------+--------+--------+-----+--------+
         Total |   4476 |   4402 |     74 |     40 |   3217 |   9 |  497.3 |
       Dungeon |   4262 |   4188 |     74 |     40 |   3100 |   8 |  532.8 |
         Sewer |    214 |    214 |      0 |      0 |    117 |   1 |  214.0 |
               +--------+--------+--------+--------+--------+-----+--------+

Top non-repeatable levels by time:
     D:1: 968 daAuts
     D:5: 841 daAuts
     D:3: 703 daAuts
     D:2: 667 daAuts
     D:4: 664 daAuts
     D:7: 270 daAuts
   Sewer: 214 daAuts
     D:8: 97 daAuts
     D:6: 49 daAuts
